 Dungeon Crawl Stone Soup version 0.18.1-48-g4cf74bf (webtiles) character file.

2631 HAL9000j the Skirmisher (level 9, -7/55 HPs)
             Began as a Gargoyle Fighter on July 10, 2016.
             Was a Priest of Qazlal.
             Killed by divine providence
             ... invoked by an orc priest
              (8 damage)
             ... on level 7 of the Dungeon on July 11, 2016.
             The game lasted 00:37:01 (6043 turns).

HAL9000j the Skirmisher (Gargoyle Fighter)          Turns: 6043, Time: 00:37:02

Health: -7/55      AC: 16    Str: 25    XL:     9   Next: 61%
Magic:  3/13       EV: 14    Int:  9    God:    Qazlal [***...]
Gold:   299        SH: 16    Dex: 18    Spells: 0 memorised, 12 levels left

rFire  . . .     SeeInvis .     M - +1 flail (venom)
rCold  . . .     Gourm    .     t - +4 leather armour of the Storm King {*Drain Str+3 Dex+3 Stlth+}
rNeg   + . .     Faith    +     c - +0 shield
rPois  ∞         Spirit   .     w - +0 helmet
rElec  +         Dismiss  .     (no cloak)
rCorr  .         Reflect  .     n - +1 pair of gloves
SustAt .         Harm     .     (no boots)
MR     .....                    H - amulet of faith
Stlth  +++.......               (no ring)
                                (no ring)

@: agile, about to teleport, very slightly contaminated, hasted, very quick, not
resistant to hostile enchantments, fairly stealthy
A: negative energy resistance 1, electricity resistance, wild magic 1,
unbreathing, petrification resistance, rot immunity, AC +5
a: Upheaval, Elemental Force, Renounce Religion


You were on level 7 of the Dungeon.
You worshipped Qazlal.
Qazlal was most pleased with you.
You were not hungry.

You visited 2 branches of the dungeon, and saw 8 of its levels.
You also visited: Sewer.

You collected 299 gold pieces.

Inventory:

Hand Weapons
 a - a +0 war axe
 o - a +0 great mace
 p - a +0 hand crossbow
 A - a +0 arbalest
 B - a +0 hunting sling
 K - a cursed -1 dagger
 M - a +1 flail of venom (weapon)
 Q - a +1 whip of holy wrath
Missiles
 g - 46 bolts
 j - 13 poisoned needles
 m - 73 sling bullets
 r - 6 tomahawks (quivered)
 u - 85 arrows
Armour
 c - a +0 shield (worn)
 n - a +1 pair of gloves (worn)
 t - the +4 leather armour of the Storm King (worn) {*Drain Str+3 Dex+3 Stlth+}
   (You found it on level 7 of the Dungeon)

   It affects your strength (+3).
   It affects your dexterity (+3).
   It causes draining when unequipped.
   It makes you more stealthy.
 w - a +0 helmet (worn)
Jewellery
 H - an amulet of faith (around neck)
Wands
 b - a wand of flame (26/48)
 i - a wand of digging (8/24)
 F - a wand of random effects (39/48)
 L - a wand of random effects (31/48)
Scrolls
 e - a scroll of fog
 k - 2 scrolls of enchant armour
 q - a scroll of enchant weapon {unknown}
 v - 6 scrolls of identify
 x - 2 scrolls of remove curse
 y - a scroll of recharging
Potions
 d - a potion of might
 h - a potion of flight
 z - 2 potions of brilliance
 C - 3 potions of ambrosia
 J - a potion of haste
Comestibles
 f - 5 bread rations
 l - 4 meat rations
 N - a royal jelly


   Skills:
 + Level 5.9 Fighting
 - Level 3.1 Short Blades
 - Level 1.8(2.7) Axes
 * Level 3.3(3.6) Maces & Flails
 * Level 4.1 Crossbows
 + Level 5.4 Armour
 + Level 5.1 Stealth
 + Level 5.9 Shields
 - Level 2.2 Spellcasting
 * Level 5.9 Invocations


You had 12 spell levels left.
You didn't know any spells.

Dungeon Overview and Level Annotations

Branches:
Dungeon (7/15)             Temple (1/1) D:4

Altars:
Ashenzari
Cheibriados
Dithmenos
Elyvilon
Fedhas
Gozag
Kikubaaqudgha
Nemelex Xobeh
Okawaru
Pakellas
Qazlal
Ru
Sif Muna
Trog
Vehumet
Xom
Yredelemnul
Zin
The Shining One
Jiyva


Innate Abilities, Weirdness & Mutations

You are resistant to torment.
Your stone body is resilient (AC +5).
You are immune to poison.
You resist negative energy.
You are resistant to electric shocks.
You can survive without breathing.
You are immune to petrification.
You are immune to rotting.
Your spells are a little harder to cast, but a little more powerful.


Message History

You kill the orc priest!
Qazlal accepts your kill.
Your earth elemental closely misses the orc wizard.
The orc priest calls down the wrath of Beogh upon you.
Pain shoots through your body!
* * * LOW HITPOINT WARNING * * *
You block the orc wizard's attack.
The black bear bites you but does no damage.
The black bear claws you.
* * * LOW HITPOINT WARNING * * *
You block the black bear's attack.
Drink which item? (? for menu, Esc to quit)
It was a potion of agility.
You feel agile all of a sudden.
Read which item? (? for menu, Esc to quit)
As you read the scroll of teleportation, it crumbles to dust.
You feel strangely unstable.
The orc priest invokes the aid of Beogh against you.
Beogh smites you!
You die...

...........##.#
....##.#####.# .
#.# #.###
##.#####....
.###...#....#
...........###
.####...#..#
##.##E§#
####.##o@####..#
.....##h.......#
.......o#####.##
###..##..§.##.#
#. #......<.
(((.o..(......#
###..#####.####
#. .# .o #


You could see a black bear, an orc priest, an orc wizard and a friendly earth
elemental.

Vanquished Creatures
  Grinder (D:5)
  Prince Ribbit (D:7)
  Eustachio (D:6)
  Sigmund (D:6)
  The ghost of Rationalist the Shield-Bearer, an amateur FoFi (D:6)
  Edmund (D:5)
  The ghost of Mesmaeker13 the Digger, an amateur OpEE (D:3)
  A sky beast (D:6)
  An ogre (D:6)
  2 giant frogs
  4 killer bees (D:6)
  A howler monkey (D:6)
  2 jellies
  2 crimson imps
  A quasit (D:5)
  3 giant frog skeletons
  5 orc priests
  5 orc wizards
  2 iguanas (D:6)
  4 worker ants
  20 adders
  A shadow imp (D:5)
  14 oozes
  A worm (D:3)
  3 dart slugs (D:2)
  15 giant geckos
  10 orcs
  10 ball pythons (Sewer)
  16 giant cockroaches
  7 hobgoblins
  9 jackals
  8 kobolds
  A quokka (D:3)
  7 bats
  A giant gecko zombie (D:5)
  11 giant newts
  4 goblins
  A quokka zombie (D:5)
  7 rats
  2 withered plants (D:5)
188 creatures vanquished.

Vanquished Creatures (others)
  A kobold (D:1)
1 creature vanquished.

Grand Total: 189 creatures vanquished

Notes
Turn   | Place    | Note
--------------------------------------------------------------
     0 | D:1      | HAL9000j the Gargoyle Fighter began the quest for the Orb.
     0 | D:1      | Reached XP level 1. HP: 14/14 MP: 1/1
   194 | D:1      | Reached skill level 1 in Stealth
   194 | D:1      | Reached XP level 2. HP: 19/19 MP: 2/2
   570 | D:2      | Found a stormy altar of Qazlal.
   579 | D:2      | Became a worshipper of Qazlal Stormbringer
   616 | D:2      | Reached XP level 3. HP: 23/23 MP: 3/3
   792 | D:2      | Found a shadowy altar of Dithmenos.
   795 | D:2      | Reached skill level 1 in Spellcasting
   812 | D:2      | Reached XP level 4. HP: 27/29 MP: 5/5
   974 | D:2      | Found a radiant altar of Vehumet.
  1089 | D:2      | Reached * piety under Qazlal
  1180 | D:2      | Reached skill level 1 in Short Blades
  1536 | D:3      | Noticed Mesmaeker13's ghost (amateur OpEE)
  1542 | D:3      | Gained mutation: Your spells are a little harder to cast, but a little more powerful. [potion of beneficial mutation]
  1558 | D:3      | Killed Mesmaeker13's ghost
  1558 | D:3      | Reached skill level 1 in Invocations
  1558 | D:3      | Reached XP level 5. HP: 31/33 MP: 7/7
  1558 | D:3      | Reached XP level 6. HP: 35/38 MP: 8/8
  1671 | D:3      | Found an oddly glowing altar of Pakellas.
  1743 | D:3      | Found a glowing drain.
  1759 | Sewer    | Entered a sewer
  1881 | Sewer    | Reached ** piety under Qazlal
  2179 | Sewer    | Reached *** piety under Qazlal
  2187 | Sewer    | Reached XP level 7. HP: 25/44 MP: 10/10
  2513 | D:3      | Found a glowing silver altar of Zin.
  2513 | D:3      | Found an opulent altar of Gozag.
  2763 | D:3      | You fall through a shaft!
  2790 | D:4      | Found a bloodstained altar of Trog.
  2970 | D:4      | Reached skill level 1 in Crossbows
  3179 | D:3      | Found a shimmering altar of Xom.
  3182 | D:3      | Found a sacrificial altar of Ru.
  3183 | D:3      | Found a deep blue altar of Sif Muna.
  3183 | D:3      | Found a basalt altar of Yredelemnul.
  3186 | D:3      | Found a blossoming altar of Fedhas.
  3188 | D:3      | Found a shattered altar of Ashenzari.
  3526 | D:4      | Found a staircase to the Ecumenical Temple.
  3532 | Temple   | Entered the Ecumenical Temple
  3951 | D:4      | Reached skill level 5 in Fighting
  3970 | D:5      | Entered Level 5 of the Dungeon
  4091 | D:5      | Reached XP level 8. HP: 47/49 MP: 11/11
  4151 | D:5      | Noticed Grinder
  4159 | D:5      | Killed Grinder
  4263 | D:5      | Found an ancient bone altar of Kikubaaqudgha.
  4271 | D:5      | Reached **** piety under Qazlal
  4282 | D:5      | Noticed Edmund
  4294 | D:5      | Killed Edmund
  4294 | D:5      | Reached skill level 5 in Shields
  4684 | D:6      | Noticed Eustachio
  4797 | D:6      | Reached skill level 1 in Maces & Flails
  4979 | D:6      | Killed Eustachio
  4979 | D:6      | Reached skill level 5 in Invocations
  5055 | D:6      | Reached skill level 5 in Armour
  5062 | D:6      | Reached XP level 9. HP: 54/54 MP: 12/12
  5209 | D:6      | Noticed Rationalist's ghost (amateur FoFi)
  5225 | D:6      | Killed Rationalist's ghost
  5324 | D:6      | Noticed Sigmund
  5331 | D:6      | Killed Sigmund
  5796 | D:7      | Noticed Prince Ribbit
  5815 | D:7      | Killed Prince Ribbit
  5815 | D:7      | Reached skill level 5 in Stealth
  5915 | D:7      | Got a smoking leather armour
  5918 | D:7      | Identified the +4 leather armour of the Storm King {*Drain Str+3 Dex+3 Stlth+} (You found it on level 7 of the Dungeon)
  6041 | D:7      | HP: 1/55 [black bear (4)]
  6043 | D:7      | Killed from afar by an orc priest

Skill      XL: |  1  2  3  4  5  6  7  8  9 |
---------------+----------------------------+-----
Stealth        | 1 2 3 4 5 |  5.1
Spellcasting   | 1 2 |  2.2
Short Blades   | 1 2 3 |  3.1
Fighting       | 4 5 |  5.9
Shields        | 4 5 |  5.9
Invocations    | 1 3 5 |  5.9
Armour         | 4 5 |  5.4
Crossbows      | 1 3 4 |  4.1
Maces & Flails | 2 3 |  3.3
Axes           | |  1.8

Action                   |  1- 3 |  4- 6 |  7- 9 || total
-------------------------+-------+-------+-------++-------
Melee: War axe           |    23 |       |     2 ||    25
       Dagger            |    85 |   292 |   137 ||   514
       Flail             |       |       |    99 ||    99
       Whip              |       |       |    12 ||    12
 Fire: Arbalest          |       |       |    14 ||    14
       Hand crossbow     |       |       |    29 ||    29
Throw: Tomahawk          |       |       |     1 ||     1
Invok: Upheaval          |       |       |     1 ||     1
       Elemental Force   |       |       |     1 ||     1
Evoke: Wand              |       |       |     3 ||     3
  Use: Scroll            |     3 |       |    13 ||    16
       Potion            |       |     4 |     6 ||    10
  Eat: Chunk             |       |     5 |     3 ||     8
       Pizza             |       |     1 |       ||     1
       Fruit             |       |       |     6 ||     6
       Bread ration      |       |       |     1 ||     1
       Beef jerky        |       |       |     1 ||     1
Armor: Scale mail        |    57 |   126 |   166 ||   349
       Leather armour    |       |       |    14 ||    14
Dodge: Dodged            |    28 |    70 |   130 ||   228
       Deflected         |       |       |     1 ||     1
Block: Shield            |    63 |   186 |   155 ||   404
       Other             |       |       |    30 ||    30
